[Event "Titled Tuesday Blitz July 4 Early 2023"]
[White "Deng, Henry"]
[Black "Quintiliano Pinto, Renato R."]
[WhiteFideId "30965454"]
[BlackFideId "2117568"]
[WhiteElo "2519"]
[BlackElo "2687"]
[Result "0-1"]
[Round "6"]
[TimeControl "180+2"]
[Date "2023.07.04"]
[WhiteClock "0:00:04"]
[BlackClock "0:00:08"]
[Board "64"]

1. e4 e5 2. Nf3 Nc6 3. Bc4 Bc5 4. c3 Nf6 5. d3 O-O 6. O-O d5 7. exd5 Nxd5 8. Nbd2 Nb6 9. Bb5 Bd6 10. h3 a6 11. Bxc6 bxc6 12. Ne4 Bf5 13. Re1 Re8 14. Be3 Nd5 15. Bd2 Rb8 16. Rb1 Bg6 17. Qa4 f5 18. Ng3 Nb6 19. Qxc6 e4 20. Bg5 Qc8 21. dxe4 Bxg3 22. fxg3 fxe4 23. Nd4 Re5 24. Bf4 Be8 25. Bxe5 Bxc6 26. Nxc6 Ra8 27. Rxe4 Qe6 28. Nd4 Qd5 29. Rbe1 Nc4 30. Bf4 c5 31. Nf3 Nxb2 32. Re7 h6 33. Be5 Nd3 34. Rxg7+ Kf8 35. Rd1 Qe4 36. Bf6 Qe3+ 37. Kh2 Re8 38. Rh7 Kg8 39. Rh8+ Kf7 40. Rxe8 Kxe8 41. Rb1 c4 42. Rb8+ Kf7 43. Bd4 Qe2 44. a4 Ke7 45. Rb7+ Kd8 46. Rb6 Kc7 47. Rxa6 Qc2 48. Rxh6 Nc1 49. Rh7+ Kb8 50. Rh8+ Kb7 51. Ne5 Ne2 52. Nf3 Nxd4 53. cxd4 c3 54. Rh5 Qd1 55. Rb5+ Ka6 56. Rc5 c2 57. a5 c1=Q 58. Rxc1 Qxc1 59. Ng1 Kxa5 60. Nf3 Kb5 61. Ng1 Kc4 62. Nf3 Kd5 63. Ng1 Qd1 64. Nf3 Ke4 65. Ng5+ Ke3 66. Nf3 Kf2 67. Ne5 Qxd4 68. Ng4+ Kf1 69. Kh1 Qg1# 0-1


[Site "https://www.chess.com"]

[Event "Titled Tuesday Blitz July 4 Early 2023"]
[White "Amilal Munkhdalai"]
[Black "musclemonster12"]
[WhiteFideId "4903250"]
[WhiteElo "2686"]
[BlackElo "2515"]
[Result "1-0"]
[Round "6"]
[TimeControl "180+2"]
[Date "2023.07.04"]
[WhiteClock "0:00:40"]
[BlackClock "0:00:04"]
[Board "65"]

1. e4 c5 2. Nf3 d6 3. d4 cxd4 4. Nxd4 Nf6 5. f3 Nc6 6. c4 e6 7. Nc3 Be7 8. Be3 O-O 9. Rc1 d5 10. cxd5 exd5 11. exd5 Nxd5 12. Nxd5 Qxd5 13. Nxc6 bxc6 14. Qxd5 cxd5 15. Bd4 Bf5 16. Kf2 a5 17. Bb5 Rab8 18. a4 Bb4 19. Bc5 Rfc8 20. Bxb4 axb4 21. Ke3 b3 22. g4 Bc2 23. Kd4 h5 24. h3 h4 25. Rhe1 f6 26. Re7 Kf8 27. Rce1 Rd8 28. Ra7 Ra8 29. Rxa8 Rxa8 30. Kxd5 Bd1 31. Re3 Rc8 32. a5 Rc2 33. Rxb3 Rd2+ 34. Rd3 Bxf3+ 35. Kd4 Rxb2 36. Rxf3 Rxb5 37. Ra3 Rb7 38. a6 Ra7 39. Kc5 Kf7 40. Kb6 Ra8 41. Kb7 Rd8 42. a7 Ke6 43. a8=Q Rxa8 44. Rxa8 Ke5 45. Ra4 g6 46. Kc6 f5 47. gxf5 1-0


[Site "https://www.chess.com"]

[Event "Titled Tuesday Blitz July 4 Early 2023"]
[White "Guliev, Logman"]
[Black "Petrosian, Karlen"]
[WhiteFideId "13400061"]
[BlackFideId "4176146"]
[WhiteElo "2508"]
[BlackElo "2683"]
[Result "0-1"]
[Round "6"]
[TimeControl "180+2"]
[Date "2023.07.04"]
[WhiteClock "0:00:00"]
[BlackClock "0:00:12"]
[Board "67"]

1. e4 e6 2. d4 d5 3. Nc3 Nf6 4. Bg5 dxe4 5. Nxe4 Be7 6. Bxf6 gxf6 7. Nf3 f5 8. Ned2 b6 9. Bb5+ c6 10. Bd3 Bb7 11. Nc4 Nd7 12. Qe2 Qc7 13. O-O-O Nf6 14. Kb1 O-O-O 15. Nce5 Bd6 16. Ba6 Ne4 17. Rhf1 f6 18. Bxb7+ Kxb7 19. Nc4 Bf4 20. g3 Bh6 21. Rd3 Rd7 22. Ra3 b5 23. Na5+ Ka8 24. Nb3 Bf8 25. Nc5 Bxc5 26. dxc5 Nxc5 27. Nd2 Rhd8 28. Nb3 Ne4 29. Rc1 Qe5 30. Qe3 Nd6 31. Nc5 Re7 32. Qxe5 fxe5 33. f3 Nc4 34. Ra6 Rd6 35. Ka1 Nb6 36. b3 Nd5 37. Kb2 Nc7 38. Ra5 Rd5 39. b4 Rd6 40. a3 Nd5 41. Re1 Nb6 42. Rxe5 Nc4+ 43. Kc3 Nxe5 44. f4 Nc4 45. Ra6 e5 0-1


[Site "https://www.chess.com"]

[Event "Titled Tuesday Blitz July 4 Early 2023"]
[White "Rizzo, Tobias"]
[Black "Velikanov, Alexander"]
[WhiteFideId "30942691"]
[BlackFideId "2039290"]
[WhiteElo "2492"]
[BlackElo "2670"]
[Result "0-1"]
[Round "6"]
[TimeControl "180+2"]
[Date "2023.07.04"]
[WhiteClock "0:00:03"]
[BlackClock "0:00:11"]
[Board "68"]

1. d4 d5 2. Bf4 c5 3. e3 Nc6 4. Nc3 cxd4 5. exd4 a6 6. Nf3 Nf6 7. Be2 Bg4 8. O-O Bxf3 9. Bxf3 e6 10. Ne2 Bd6 11. Qd2 O-O 12. Rfe1 Rc8 13. Ng3 Bxf4 14. Qxf4 Nb4 15. Re2 Nxc2 16. Rd1 Qc7 17. Qg5 h6 18. Qh4 Qb6 19. Qf4 Rc4 20. Red2 Rfc8 21. Ne2 Qc7 22. Qh4 Nb4 23. a3 Na2 24. g4 Nc1 25. Nc3 Qf4 26. Qg3 Qxg3+ 27. hxg3 Nb3 28. Rd3 b5 29. Kg2 Na5 30. Be2 R4c7 31. Na2 Nb7 32. Nb4 a5 33. Na2 Nd6 34. R1d2 Nfe4 35. Rd1 Rc2 36. Re3 Rxb2 37. Nc1 Rcc2 38. Re1 Nc4 39. Bxc4 Rxf2+ 40. Kg1 Rg2+ 41. Kh1 Rh2+ 42. Kg1 Rbg2+ 43. Kf1 Rf2+ 44. Kg1 Rhg2+ 45. Kh1 bxc4 46. Ne2 Rh2+ 47. Kg1 Rhg2+ 48. Kh1 c3 49. Nxc3 Nxg3+ 50. Rxg3 Rxg3 51. Nb5 Rxg4 52. Rc1 Rf3 53. Kh2 Rg5 54. a4 Rf4 55. Kh3 Rf3+ 56. Kh2 Rf4 57. Kh3 Rg6 58. Rc8+ Kh7 59. Rc2 Rf5 60. Kh4 Rf1 61. Rh2 f5 62. Nd6 Rg4+ 63. Kh3 Rf3# 0-1


[Site "https://www.chess.com"]

[Event "Titled Tuesday Blitz July 4 Early 2023"]
[White "Zhu, Jiner"]
[Black "Yeritsyan, Hayk"]
[WhiteFideId "8608059"]
[BlackFideId "13307320"]
[WhiteElo "2667"]
[BlackElo "2486"]
[Result "0-1"]
[Round "6"]
[TimeControl "180+2"]
[Date "2023.07.04"]
[WhiteClock "0:00:09"]
[BlackClock "0:00:04"]
[Board "69"]

1. Nf3 d5 2. g3 Nf6 3. Bg2 Bf5 4. O-O e6 5. b3 h6 6. Bb2 Be7 7. c4 c6 8. d4 O-O 9. Nc3 Bh7 10. Rc1 Na6 11. Ne5 Rc8 12. e3 Nd7 13. Nxd7 Qxd7 14. Qe2 Rfe8 15. e4 Bf6 16. e5 Be7 17. Rfd1 Red8 18. h4 Qe8 19. a3 Nb8 20. Kh2 Nd7 21. cxd5 cxd5 22. Nb5 a6 23. Nc7 Qf8 24. b4 Nb8 25. b5 Bxa3 26. bxa6 Nxa6 27. Nxa6 bxa6 28. Bxa3 Qxa3 29. Ra1 Qb4 30. Rxa6 Rc2 31. Qf3 Qb2 32. Kg1 Rd2 33. Rxd2 Qxd2 34. Ra7 Rf8 35. Qa3 Qe1+ 36. Kh2 Bg6 37. Qf3 Qd2 38. Ra4 Be4 39. Qg4 Qxf2 0-1


[Site "https://www.chess.com"]

[Event "Titled Tuesday Blitz July 4 Early 2023"]
[White "Koellner, Ruben Gideon"]
[Black "UNSTOPPABLE_LEGEND"]
[WhiteFideId "12993093"]
[WhiteElo "2664"]
[BlackElo "2482"]
[Result "1-0"]
[Round "6"]
[TimeControl "180+2"]
[Date "2023.07.04"]
[WhiteClock "0:00:33"]
[BlackClock "0:01:00"]
[Board "70"]

1. d4 Nf6 2. Nf3 c5 3. e3 b6 4. Nbd2 Bb7 5. Bd3 e6 6. O-O Nc6 7. c3 Rc8 8. Qe2 Be7 9. a3 O-O 10. e4 Nh5 11. g3 d5 12. e5 f6 13. exf6 Nxf6 14. Qxe6+ Kh8 15. Ng5 Qe8 16. Qh3 h6 17. Ne6 Rg8 18. Nf3 Ne4 19. Nf4 Qf7 20. Re1 Na5 21. Ne5 Qf6 22. Neg6+ Kh7 23. f3 Bd6 24. fxe4 dxe4 25. Bxe4 Bxe4 26. Rxe4 Rce8 27. Rxe8 Rxe8 28. Bd2 Nb3 29. Re1 Rxe1+ 30. Bxe1 cxd4 31. Qc8 Bxf4 32. Nxf4 Qe5 33. Bf2 d3 34. Nxd3 Qe4 35. Ne1 Nc1 36. Qd7 Ne2+ 37. Kf1 Nc1 38. Qd2 Qh1+ 39. Bg1 Na2 40. Qg2 1-0


[Site "https://www.chess.com"]

[Event "Titled Tuesday Blitz July 4 Early 2023"]
[White "Matamoros Franco, Carlos S."]
[Black "Eynullayev, Atilla"]
[WhiteFideId "3600017"]
[BlackFideId "13413570"]
[WhiteElo "2661"]
[BlackElo "2481"]
[Result "0-1"]
[Round "6"]
[TimeControl "180+2"]
[Date "2023.07.04"]
[WhiteClock "0:01:00"]
[BlackClock "0:01:12"]
[Board "71"]

1. c4 Nf6 2. g3 e6 3. Bg2 d5 4. Nf3 Be7 5. O-O O-O 6. b3 c5 7. cxd5 Nxd5 8. Bb2 b6 9. d4 Bb7 10. dxc5 Bxc5 11. Nbd2 Nd7 12. a3 a5 13. Qb1 b5 14. h4 h6 15. Ne4 Be7 16. Rd1 b4 17. a4 Ra6 18. Qd3 Qa8 19. Ned2 Nc5 20. Qe3 Nxe3 0-1


[Site "https://www.chess.com"]

[Event "Titled Tuesday Blitz July 4 Early 2023"]
[White "Tan, Jun Ying"]
[Black "Heinemann, Josefine"]
[WhiteFideId "5710413"]
[BlackFideId "12900460"]
[WhiteElo "2649"]
[BlackElo "2471"]
[Result "0-1"]
[Round "6"]
[TimeControl "180+2"]
[Date "2023.07.04"]
[WhiteClock "0:00:05"]
[BlackClock "0:00:33"]
[Board "72"]

1. d4 d5 2. c4 c6 3. Nf3 Nf6 4. Nc3 dxc4 5. e4 b5 6. Be2 e6 7. O-O Be7 8. a4 b4 9. e5 bxc3 10. exf6 cxb2 11. fxe7 Qb6 12. Bxb2 Qxb2 13. Bxc4 Qb4 14. Ne5 Qxe7 15. Qf3 O-O 16. Rab1 Qd6 17. Rfd1 a5 18. Bd3 Ba6 19. Bxh7+ Kxh7 20. Qh5+ Kg8 21. Rb3 f6 22. Rh3 fxe5 23. dxe5 Qxd1+ 24. Qxd1 Bc4 25. Qh5 Bd5 26. Qh7+ Kf7 27. Rg3 Rg8 28. h4 Na6 29. h5 Ra7 30. h6 Kf8 31. Qg6 Nb4 32. Rg4 Rf7 33. h7 Rh8 34. Qg5 Ke8 35. Qh5 Kf8 36. g3 c5 37. Rf4 Rxf4 38. gxf4 Be4 39. Qg5 Rxh7 40. Qd8+ Kf7 41. Qxa5 Rh1# 0-1


[Site "https://www.chess.com"]

[Event "Titled Tuesday Blitz July 4 Early 2023"]
[White "Souleidis, Georgios"]
[Black "Jimenez Jimenez, Leandro"]
[WhiteFideId "4206827"]
[BlackFideId "6415253"]
[WhiteElo "2644"]
[BlackElo "2468"]
[Result "1-0"]
[Round "6"]
[TimeControl "180+2"]
[Date "2023.07.04"]
[WhiteClock "0:00:12"]
[BlackClock "0:00:08"]
[Board "73"]

1. e4 e5 2. Nc3 Nf6 3. d4 exd4 4. Qxd4 Nc6 5. Qd3 Bb4 6. Bd2 O-O 7. O-O-O Re8 8. Nge2 d6 9. Bg5 h6 10. Bxf6 Qxf6 11. Nd5 Qd8 12. Nxb4 Nxb4 13. Qd2 a5 14. Nc3 Be6 15. a3 Na6 16. f4 Bg4 17. Re1 Nc5 18. f5 Qh4 19. Bd3 Nxd3+ 20. Qxd3 Bxf5 21. g3 Qg5+ 22. Kb1 Be6 23. h4 Qg4 24. Rhf1 Rab8 25. Rf4 Qh5 26. Nb5 Re7 27. Ref1 Rd8 28. Nd4 Bc8 29. Nf5 Bxf5 30. Rxf5 Qg4 31. R1f4 Qh3 32. Rxa5 Rde8 33. Ka2 Qh1 34. Ra4 Qh3 35. Rb4 b6 36. Qc3 Re5 37. Qxc7 R8e7 38. Qxb6 Qxg3 39. Qf2 Qg6 40. Qf3 Qe6+ 41. Qb3 Qg6 42. Rd4 Kh7 43. Qf3 Qe6+ 44. b3 Rc7 45. Kb2 Rec5 46. Rd2 Qe5+ 47. Kb1 Rc3 48. Qg4 f6 49. Qf5+ Qxf5 50. exf5 R7c6 51. a4 R6c5 52. Kb2 d5 53. b4 R5c4 54. Rxc4 Rxc4 55. c3 d4 56. Rxd4 Rxd4 57. cxd4 g6 58. fxg6+ Kxg6 59. a5 f5 60. a6 f4 61. a7 f3 62. a8=Q f2 63. Qg2+ Kh7 64. Qxf2 h5 65. Qg2 Kh6 66. Kc3 Kh7 67. Kd3 Kh6 68. Ke4 Kh7 69. Kf5 Kh6 70. Kf6 Kh7 71. Qg6+ Kh8 72. Qg7# 1-0


[Site "https://www.chess.com"]

[Event "Titled Tuesday Blitz July 4 Early 2023"]
[White "Martinez Ramirez, Lennis"]
[Black "Chor, Kevin"]
[WhiteFideId "3509079"]
[BlackFideId "2090740"]
[WhiteElo "2639"]
[BlackElo "2465"]
[Result "0-1"]
[Round "6"]
[TimeControl "180+2"]
[Date "2023.07.04"]
[WhiteClock "0:01:40"]
[BlackClock "0:00:21"]
[Board "74"]

1. Nf3 c5 2. e4 Nc6 3. Bc4 e6 4. Nc3 a6 5. d4 b5 6. Be2 cxd4 7. Nxd4 Nf6 8. Nxc6 dxc6 9. Qxd8+ Kxd8 10. e5 Nd5 11. Bg5+ Be7 12. Bxe7+ Kxe7 13. Ne4 f6 14. exf6+ gxf6 15. O-O-O Rg8 16. g3 e5 17. c4 bxc4 18. Bxc4 Bg4 19. Rd2 Bf3 20. Re1 Rgd8 21. Nc5 a5 22. a3 Nb6 23. Bd3 Rd5 24. Nb3 a4 25. Na1 Rad8 26. Re3 Nc4 27. Bxc4 Rxd2 28. Rxf3 Rd1+ 29. Kc2 Rxa1 30. Bd3 Re1 31. Bxh7 Re2+ 32. Kc3 Rdd2 33. h4 Rxb2 34. Kc4 Rxf2 35. Re3 Rb3 36. Re1 Rxg3 37. Rh1 Rxa3 38. h5 Raa2 39. h6 Rh2 40. Rg1 Rxh6 41. Rg7+ Kd6 42. Bg8 Rh4+ 43. Kc3 Ra3+ 44. Kb2 Re3 45. Kc2 Kc5 46. Kd2 Ra3 47. Rf7 Rh2+ 48. Kc1 Ra1# 0-1


[Site "https://www.chess.com"]

[Event "Titled Tuesday Blitz July 4 Early 2023"]
[White "Dobre, Claudiu-Cristian"]
[Black "Vaibhav Jayant Raut"]
[WhiteFideId "1211854"]
[BlackFideId "5089034"]
[WhiteElo "2463"]
[BlackElo "2635"]
[Result "0-1"]
[Round "6"]
[TimeControl "180+2"]
[Date "2023.07.04"]
[WhiteClock "0:00:00"]
[BlackClock "0:00:16"]
[Board "75"]

1. e4 c5 2. b3 Nc6 3. Bb2 e5 4. Bc4 d6 5. Nc3 g6 6. Nge2 Bg7 7. O-O Nge7 8. d3 O-O 9. Nd5 a6 10. a4 Rb8 11. Nec3 Nxd5 12. Bxd5 Ne7 13. Bc4 Kh8 14. Nd5 Nc6 15. Ne3 f5 16. exf5 gxf5 17. f4 Bd7 18. Bd5 Qh4 19. g3 Qh6 20. Nc4 b5 21. axb5 axb5 22. Na5 Ne7 23. Bg2 exf4 24. Bxg7+ Qxg7 25. gxf4 Rg8 26. Qd2 Nc6 27. Kh1 Ra8 28. b4 cxb4 29. Nb3 Rxa1 30. Rxa1 Nd4 31. Rf1 Nxb3 32. cxb3 Qd4 33. Re1 Qc3 34. Qxc3+ bxc3 35. b4 Rc8 36. Rc1 Be6 37. Kg1 d5 38. d4 Rc4 39. Kf2 Rxd4 40. Rxc3 Rxf4+ 41. Ke3 Rxb4 42. Rc6 Bf7 43. Bf3 Kg8 0-1


[Site "https://www.chess.com"]

[Event "Titled Tuesday Blitz July 4 Early 2023"]
[White "Begunov, Konstantin"]
[Black "Girya, Olga"]
[WhiteFideId "4118510"]
[BlackFideId "4195752"]
[WhiteElo "2459"]
[BlackElo "2623"]
[Result "1-0"]
[Round "6"]
[TimeControl "180+2"]
[Date "2023.07.04"]
[WhiteClock "0:00:06"]
[BlackClock "0:00:00"]
[Board "76"]

1. d4 Nf6 2. c4 e6 3. Nf3 d5 4. Nc3 Be7 5. cxd5 exd5 6. Bg5 c6 7. Qc2 g6 8. e3 Bf5 9. Bd3 Bxd3 10. Qxd3 Nbd7 11. O-O O-O 12. Rab1 Ne4 13. Bh6 Re8 14. b4 Nxc3 15. Qxc3 a6 16. Qc2 Bd6 17. Bg5 Qc7 18. a4 Nb6 19. b5 cxb5 20. Qxc7 Bxc7 21. axb5 a5 22. Rfc1 Bd6 23. g3 Kg7 24. Bf4 Bxf4 25. gxf4 Rec8 26. Ne5 a4 27. Nd3 a3 28. Rxc8 Rxc8 29. Nc5 Ra8 30. Nxb7 Ra4 31. Nc5 Ra5 32. Nb7 Ra4 33. Nc5 Ra5 34. Nb7 Ra7 35. Nc5 Kf6 36. Kf1 Ke7 37. Ke2 Kd6 38. Kd2 Nc4+ 39. Kc3 a2 40. Ra1 Ra3+ 41. Kb4 Ra8 42. Na6 Ra7 43. Rxa2 Rb7 44. Rc2 Rb6 45. Ra2 Rb7 46. Nc5 Rb8 47. Ra6+ Ke7 48. Ra7+ Ke8 49. Ra6 Ke7 50. Ra7+ Ke8 51. Na6 Rc8 52. Nc7+ Kf8 53. Nxd5 1-0


[Site "https://www.chess.com"]

[Event "Titled Tuesday Blitz July 4 Early 2023"]
[White "Marn, Jan"]
[Black "Kononenko, Dmitry"]
[WhiteFideId "14619245"]
[BlackFideId "14113538"]
[WhiteElo "2456"]
[BlackElo "2617"]
[Result "0-1"]
[Round "6"]
[TimeControl "180+2"]
[Date "2023.07.04"]
[WhiteClock "0:00:03"]
[BlackClock "0:00:17"]
[Board "77"]

1. e4 c6 2. Nf3 d5 3. Nc3 Bg4 4. h3 Bxf3 5. Qxf3 e6 6. a3 Bc5 7. Be2 Ne7 8. O-O Nd7 9. Rd1 Bd4 10. Bf1 O-O 11. Ne2 Bf6 12. d4 g6 13. Ng3 Bg7 14. e5 c5 15. c3 Nc6 16. Be3 Qb6 17. b4 cxd4 18. cxd4 Rac8 19. h4 Qd8 20. h5 Qh4 21. Qf4 Qxf4 22. Bxf4 Rfe8 23. Be3 Nb6 24. Rac1 Nb8 25. Rxc8 Rxc8 26. Rc1 Rxc1 27. Bxc1 Bf8 28. hxg6 hxg6 29. f4 Nc6 30. Bb2 Nc4 31. Bxc4 dxc4 32. Kf2 Ne7 33. Ne4 Nd5 34. Nc3 Nxf4 35. Ke3 Nxg2+ 36. Ke4 Ne1 37. d5 exd5+ 38. Nxd5 Nd3 39. Bd4 a6 40. Nf6+ Kh8 41. Nd7 Bg7 42. Kd5 g5 43. Kxc4 Nf4 44. Be3 Ne6 45. Kd5 g4 46. Ke4 Kh7 47. Bf2 Kg6 48. Bg3 Kh5 49. Nc5 Nxc5+ 50. bxc5 Kg5 51. a4 Bf8 52. Kd5 Kf5 53. c6 bxc6+ 54. Kxc6 Bb4 55. Kd7 Bc3 56. Ke8 Bxe5 57. Bxe5 Kxe5 58. Kxf7 0-1


[Site "https://www.chess.com"]

[Event "Titled Tuesday Blitz July 4 Early 2023"]
[White "Kopczynski, Michal"]
[Black "Jaskolka, Tomasz"]
[WhiteFideId "1124200"]
[BlackFideId "1170791"]
[WhiteElo "2454"]
[BlackElo "2615"]
[Result "1-0"]
[Round "6"]
[TimeControl "180+2"]
[Date "2023.07.04"]
[WhiteClock "0:01:00"]
[BlackClock "0:00:00"]
[Board "78"]

1. e4 c5 2. d4 cxd4 3. c3 Nf6 4. Bd3 e6 5. f4 d5 6. e5 Ne4 7. cxd4 Qh4+ 8. g3 Nxg3 9. Nf3 Qh5 10. Rg1 Ne4 11. Qc2 Nc6 12. Bxe4 dxe4 13. Qxe4 Bd7 14. Nc3 Rd8 15. Nb5 Bb4+ 16. Kf2 O-O 17. Be3 Ne7 18. Rg5 Qh6 19. Nxa7 Nf5 20. Rag1 Be7 21. R5g4 Ra8 22. Qxb7 Rfb8 23. Qxd7 Rxb2+ 24. Bd2 Rd8 25. Rxg7+ Nxg7 26. Qxe7 Rf8 27. Qf6 Qxf6 28. exf6 1-0


[Site "https://www.chess.com"]

[Event "Titled Tuesday Blitz July 4 Early 2023"]
[White "Fisher_TheGalactic"]
[Black "Itkis, Boris"]
[BlackFideId "1209167"]
[WhiteElo "2614"]
[BlackElo "2452"]
[Result "1-0"]
[Round "6"]
[TimeControl "180+2"]
[Date "2023.07.04"]
[WhiteClock "0:01:44"]
[BlackClock "0:01:05"]
[Board "79"]

1. Nf3 d5 2. g3 Nd7 3. Bg2 e5 4. d3 Bd6 5. O-O c6 6. e4 Ngf6 7. Nh4 O-O 8. Nf5 Qc7 9. f4 dxe4 10. dxe4 Bc5+ 11. Kh1 exf4 12. Bxf4 Ne5 13. Nd2 Bxf5 14. exf5 Rad8 15. Qc1 Nfg4 16. Ne4 Qb6 17. h3 Be3 18. Qb1 Bxf4 19. gxf4 Nf2+ 20. Rxf2 Qxf2 21. Nxf2 1-0


[Site "https://www.chess.com"]

[Event "Titled Tuesday Blitz July 4 Early 2023"]
[White "Borgaonkar Akshay"]
[Black "Goncalves, Davi Sulzbacher"]
[WhiteFideId "25639110"]
[BlackFideId "2154510"]
[WhiteElo "2614"]
[BlackElo "2452"]
[Result "1-0"]
[Round "6"]
[TimeControl "180+2"]
[Date "2023.07.04"]
[WhiteClock "0:01:12"]
[BlackClock "0:00:00"]
[Board "80"]

1. c4 Nf6 2. Nf3 g6 3. Nc3 d5 4. cxd5 Nxd5 5. h4 h5 6. g3 Bg7 7. Bg2 O-O 8. Ng5 c6 9. Qb3 e6 10. e4 Nb6 11. O-O Na6 12. Qc2 Nb4 13. Qb3 Nd3 14. Qc2 e5 15. b3 Bg4 16. Ba3 Re8 17. f3 Bc8 18. Nd1 f6 19. Nh3 Be6 20. Ne3 Bf8 21. Bxf8 Rxf8 22. Nf2 Nxf2 23. Rxf2 Qd4 24. Raf1 Rad8 25. f4 Qd3 26. Qc5 Qd4 27. Qe7 Qd7 28. Qa3 exf4 29. gxf4 Nc8 30. f5 gxf5 31. Nxf5 Bxf5 32. Rxf5 Qxd2 33. R1f3 Rf7 34. Rg3+ Rg7 35. Rxg7+ Kxg7 36. Qc5 Qd4+ 37. Qxd4 Rxd4 38. Rxh5 Nd6 39. e5 fxe5 40. Rxe5 Rd1+ 41. Kh2 Rd2 42. Re7+ Kf6 43. Rd7 a5 44. h5 Kg5 45. Rh7 Nf5 46. Kg1 Kf4 47. Rf7 Kg4 48. Rxb7 Ne3 49. Rg7+ Kh4 50. Bxc6 Rd1+ 51. Kf2 Ng4+ 52. Rxg4+ Kxg4 53. Bf3+ 1-0


[Site "https://www.chess.com"]

[Event "Titled Tuesday Blitz July 4 Early 2023"]
[White "Ai, Evan"]
[Black "Karttunen, Mika"]
[WhiteFideId "2094770"]
[BlackFideId "502081"]
[WhiteElo "2448"]
[BlackElo "2611"]
[Result "1/2-1/2"]
[Round "6"]
[TimeControl "180+2"]
[Date "2023.07.04"]
[WhiteClock "0:00:21"]
[BlackClock "0:00:05"]
[Board "81"]

1. d4 Nf6 2. c4 e6 3. Nf3 d5 4. g3 Bb4+ 5. Bd2 a5 6. a3 Be7 7. Bg2 dxc4 8. Qc2 O-O 9. O-O a4 10. Qxc4 b6 11. Qc2 Bb7 12. Nc3 Qe8 13. e4 c5 14. Rfe1 cxd4 15. Nxd4 e5 16. Nf5 Bc5 17. Nd5 Nxd5 18. exd5 Nd7 19. Bc3 f6 20. Rad1 Kh8 21. Re4 g6 22. Ne3 b5 23. Rh4 Rc8 24. Qe2 Nb6 25. Ng4 Nc4 26. Kh1 Qd7 27. f4 Rce8 28. fxe5 fxe5 29. Nxe5 Nxe5 30. Bxe5+ Kg8 31. Re4 Qf7 32. Rf1 Qxd5 33. Rxf8+ Rxf8 34. Rf4 Qxg2+ 35. Qxg2 Bxg2+ 36. Kxg2 Rxf4 37. gxf4 Kf7 38. Kf3 Ke6 39. Ke4 b4 40. axb4 Bxb4 41. Kd4 Be7 42. Ke4 Bf8 43. h3 Be7 44. Bc3 Bd6 45. Bd2 Be7 46. Bc1 Bf6 47. Kd3 Kf5 48. Kc4 Be7 49. Kb5 a3 50. bxa3 Bxa3 51. Bxa3 Kxf4 52. Bd6+ Kf3 53. Kc6 g5 54. Kd5 Kg2 55. Be7 h6 56. h4 gxh4 57. Bxh4 Kh3 58. Be7 Kg4 59. Ke4 h5 60. Ke3 h4 61. Bxh4 1/2-1/2


[Site "https://www.chess.com"]

[Event "Titled Tuesday Blitz July 4 Early 2023"]
[White "Domingo Nunez, Ruben"]
[Black "Ladan, Nicholas"]
[WhiteFideId "22245570"]
[BlackFideId "30918855"]
[WhiteElo "2605"]
[BlackElo "2448"]
[Result "1-0"]
[Round "6"]
[TimeControl "180+2"]
[Date "2023.07.04"]
[WhiteClock "0:00:07"]
[BlackClock "0:00:01"]
[Board "82"]

1. Nf3 d5 2. g3 Bg4 3. Bg2 e6 4. d3 Nd7 5. O-O Bd6 6. e4 Ne7 7. Re1 c6 8. c4 O-O 9. Nc3 dxc4 10. dxc4 Ne5 11. Qe2 Bxf3 12. Bxf3 Nxf3+ 13. Qxf3 Be5 14. Bf4 Bxc3 15. Qxc3 Ng6 16. Be3 e5 17. Red1 Qe7 18. b4 a6 19. Bc5 Qe6 20. Bxf8 Nxf8 21. c5 Re8 22. Rd6 Qg4 23. f3 Qh5 24. Rad1 Ne6 25. Kg2 Nd4 26. R1xd4 exd4 27. Qxd4 g5 28. Qf6 g4 29. f4 Qg6 30. Qxg6+ hxg6 31. e5 Re7 32. a4 Kg7 33. h3 gxh3+ 34. Kxh3 Rc7 35. Kg4 Kf8 36. e6 f6 37. f5 g5 38. Kh5 Rg7 39. Rd8+ Ke7 40. Rd7+ Kf8 41. Kh6 Rxd7 42. exd7 Ke7 43. Kg7 b6 44. cxb6 a5 45. b7 axb4 46. b8=Q b3 47. d8=Q# 1-0


[Site "https://www.chess.com"]

[Event "Titled Tuesday Blitz July 4 Early 2023"]
[White "Disconzi da Silva, Rodrigo"]
[Black "Janaszak, Dawid"]
[WhiteFideId "2100991"]
[BlackFideId "1119206"]
[WhiteElo "2448"]
[BlackElo "2599"]
[Result "1-0"]
[Round "6"]
[TimeControl "180+2"]
[Date "2023.07.04"]
[WhiteClock "0:00:53"]
[BlackClock "0:00:00"]
[Board "83"]

1. d4 d5 2. c4 e6 3. Nc3 c5 4. e3 Nf6 5. Nf3 Nc6 6. a3 cxd4 7. exd4 Bd6 8. Bg5 h6 9. Bh4 O-O 10. Rc1 Be7 11. c5 Ne4 12. Bxe7 Qxe7 13. Bd3 f5 14. O-O Bd7 15. Bb5 Rad8 16. Bxc6 Bxc6 17. Ne5 Kh7 18. Re1 Qh4 19. g3 Qf6 20. f3 Ng5 21. Qe2 Be8 22. b4 Bh5 23. Rf1 a6 24. a4 Ra8 25. Rce1 Rfe8 26. Kg2 Re7 27. Qe3 Be8 28. h4 Nf7 29. Nd3 g5 30. hxg5 hxg5 31. Rh1+ Kg7 32. Rh2 Bd7 33. Reh1 Rh8 34. Ne5 Rxh2+ 35. Rxh2 Nxe5 36. Qxe5 Qxe5 37. dxe5 Bc6 38. b5 Be8 39. Rh1 Rc7 40. c6 axb5 41. axb5 bxc6 42. b6 Rb7 43. Na4 c5 44. Nxc5 Rxb6 45. Ra1 Bf7 46. Ra7 Rc6 47. Nd7 Rc2+ 48. Kh3 Rc3 49. Kg2 g4 50. fxg4 fxg4 51. Nf6 Rc2+ 52. Kg1 d4 53. Nxg4 d3 54. Rd7 d2 55. Ne3 Rc3 56. Kf2 Rc5 57. Ng4 Rc4 58. Ne3 Rc5 59. Ng4 Rc4 60. Kf3 Kf8 61. Ne3 Rc5 62. Rxd2 Rxe5 63. Rd7 Ke8 64. Rb7 Ra5 65. Kf4 e5+ 66. Kg5 e4+ 67. Kf6 Ba2 68. Nf5 Kd8 69. Nd6 Ra6 70. Ke5 e3 71. Rb2 1-0


[Site "https://www.chess.com"]

[Event "Titled Tuesday Blitz July 4 Early 2023"]
[White "Bueno, Alfeu Junior Varela"]
[Black "Pinheiro, Iung Alicio de O."]
[WhiteFideId "2108879"]
[BlackFideId "2104350"]
[WhiteElo "2442"]
[BlackElo "2595"]
[Result "0-1"]
[Round "6"]
[TimeControl "180+2"]
[Date "2023.07.04"]
[WhiteClock "0:00:00"]
[BlackClock "0:00:07"]
[Board "84"]

1. e4 c5 2. Nc3 g6 3. f4 Bg7 4. Nf3 Nc6 5. Bb5 Nd4 6. O-O a6 7. Bc4 e6 8. d3 Ne7 9. Nxd4 cxd4 10. Ne2 d5 11. Bb3 dxe4 12. dxe4 O-O 13. Ng3 b5 14. a4 Bb7 15. f5 exf5 16. exf5 Nd5 17. Qf3 Rb8 18. Ne4 Ne3 19. Bxe3 dxe3 20. fxg6 hxg6 21. Bxf7+ Kh7 22. Qh3+ Bh6 23. Nf6+ Kg7 24. Nd7 Bc8 25. Qe6 Qg5 26. Rf3 Bxd7 27. Qxd7 Rbd8 28. Qe6 e2 29. Re1 Rd1 30. Qxe2 Rxe1+ 31. Qxe1 Rxf7 32. Rxf7+ Kxf7 33. axb5 axb5 34. Qf1+ Kg7 35. g3 Qe3+ 36. Kg2 Qe4+ 37. Kh3 Qxc2 38. Qxb5 Qc8+ 39. Kh4 Kh7 0-1


[Site "https://www.chess.com"]

[Event "Titled Tuesday Blitz July 4 Early 2023"]
[White "Zia, Tahsin Tajwar"]
[Black "Gunduz, Umut Erdem"]
[WhiteFideId "10211888"]
[BlackFideId "6381383"]
[WhiteElo "2421"]
[BlackElo "2595"]
[Result "1-0"]
[Round "6"]
[TimeControl "180+2"]
[Date "2023.07.04"]
[WhiteClock "0:01:49"]
[BlackClock "0:00:39"]
[Board "85"]

1. Nf3 Nf6 2. c4 c5 3. g3 g6 4. Bg2 Bg7 5. O-O O-O 6. Nc3 Nc6 7. d4 cxd4 8. Nxd4 Nxd4 9. Qxd4 d6 10. Qd2 Be6 11. b3 Rb8 12. Bb2 a6 13. Nd5 Bxd5 14. cxd5 Nd7 15. Bxg7 Kxg7 16. h4 h5 17. Rac1 Qb6 18. Qg5 Nf6 19. Bf3 Rfc8 20. Qf4 Rc5 21. Rxc5 Qxc5 22. Rc1 Qa5 23. Qe3 Re8 24. a4 Nxd5 25. Qd4+ Nf6 26. Bxb7 d5 27. b4 Qxa4 28. Bc6 Qa3 29. Ra1 e5 30. Rxa3 1-0


[Site "https://www.chess.com"]